SAA
TACOMA FUR TRADERS @ IRVING BLUE SOX
08/18/2037
 
TOP OF THE 1ST
Tacoma Fur Traders batting - Pitching for Irving Blue Sox : RHP Jesús Cruz
Pitching: RHP Jesús Cruz
Batting: RHB Fernando Acevedo 0-0: Ball
1-0: Ball
2-0: Ball
3-0: Base on Balls
Batting: LHB Sherman Hoffman 0-0: Ball
1-0: Ball
2-0: SINGLE (Line Drive, 89S, EV 94.4 MPH)
Fernando Acevedo to second
Runner from 2nd tries for 3rd, SAFE, throw by RF made to third
Batting: RHB Chris Hall 0-0: Ball
1-0: Ball
2-0: Called Strike
2-1: Called Strike
2-2: Ball
3-2: Strikes out swinging
Batting: RHB Gilberto Ramírez 0-0: Called Strike
0-1: SINGLE (Flyball, 7LS, EV 93.8 MPH)
Fernando Acevedo scores
Sherman Hoffman to second
Batting: LHB Tom Washington 0-0: Fielders Choice at 2nd, 4-6 (Groundball, 4S, EV 81.2 MPH)
Sherman Hoffman to third
Batting: LHB Mike O'Neil 0-0: Called Strike
0-1: Called Strike
0-2: Ball
1-2: Ball
2-2: Ball
3-2: Strikes out swinging
Top of the 1st over - 1 run, 2 hits, 0 errors, 2 left on base; Tacoma 1 - Irving 0
BOTTOM OF THE 1ST
Irving Blue Sox batting - Pitching for Tacoma Fur Traders : LHP Dan Craggs
Pitching: LHP Dan Craggs
Batting: SHB Franck Kooijmans 0-0: Ball
1-0: Ball
2-0: SINGLE (Flyball, 7LS, EV 90.0 MPH)
Batting: RHB Juan Perales 0-0: Ball
1-0: Grounds into double play, 1-4-3 (Groundball, P, EV 84.4 MPH)
Batting: RHB Dave Maxwell 0-0: Ball
1-0: Called Strike
1-1: Ground out U3 (Groundball, 3, EV 86.2 MPH)
Bottom of the 1st over - 0 runs, 1 hit, 0 errors, 0 left on base; Tacoma 1 - Irving 0
TOP OF THE 2ND
Tacoma Fur Traders batting - Pitching for Irving Blue Sox : RHP Jesús Cruz
Batting: RHB António Salas 0-0: Ball
1-0: Ball
2-0: Foul Ball, location: 2F
2-1: Foul Ball, location: 2F
2-2: Foul Ball, location: 2F
2-2: Strikes out swinging
Batting: RHB Eun-bum Song 0-0: Ball
1-0: Ball
2-0: Foul Ball, location: 2F
2-1: Foul Ball, location: 2F
2-2: Strikes out looking
Batting: RHB Jeff Faulkner 0-0: Fly out, F7 (Flyball, 7LSF, EV 77.5 MPH)
Top of the 2nd over - 0 runs, 0 hits, 0 errors, 0 left on base; Tacoma 1 - Irving 0
BOTTOM OF THE 2ND
Irving Blue Sox batting - Pitching for Tacoma Fur Traders : LHP Dan Craggs
Batting: LHB Wilson Hernández 0-0: Called Strike
0-1: Ground out 4-3 (Groundball, 4, EV 85.0 MPH)
Batting: SHB Govaart Baars 0-0: Called Strike
0-1: Ball
1-1: Called Strike
1-2: Ball
2-2: Ball
3-2: Fly out, F8 (Flyball, 8LD, EV 100.6 MPH)
Batting: LHB Ánibal Leobardo 0-0: Ball
1-0: Swinging Strike
1-1: Foul Ball, location: 2F
1-2: SINGLE (Groundball, 4MD, EV 95.0 MPH)
Batting: RHB Francis Osborne 0-0: Called Strike
0-1: Called Strike
0-2: Fly out, F7 (Flyball, 7D, EV 81.2 MPH)
Bottom of the 2nd over - 0 runs, 1 hit, 0 errors, 1 left on base; Tacoma 1 - Irving 0
TOP OF THE 3RD
Tacoma Fur Traders batting - Pitching for Irving Blue Sox : RHP Jesús Cruz
Batting: RHB Fernando Acevedo 0-0: Ball
1-0: Ball
2-0: Ball
3-0: Called Strike
3-1: Called Strike
3-2: Base on Balls
Batting: LHB Sherman Hoffman 0-0: Ball
1-0: Foul Ball, location: 2F
1-1: Ball
2-1: Swinging Strike
2-2: Ball
3-2: Strikes out looking
Batting: RHB Chris Hall 0-0: Ball
1-0: Fly out, F7 (Flyball, 7S, EV 87.5 MPH)
Batting: RHB Gilberto Ramírez 0-0: Called Strike
0-1: Ball
1-1: Called Strike
1-2: Strikes out swinging
Top of the 3rd over - 0 runs, 0 hits, 0 errors, 1 left on base; Tacoma 1 - Irving 0
BOTTOM OF THE 3RD
Irving Blue Sox batting - Pitching for Tacoma Fur Traders : LHP Dan Craggs
Batting: RHB José García 0-0: Ball
1-0: Called Strike
1-1: Ball
2-1: SINGLE (Groundball, 4D, EV 97.5 MPH)
Batting: LHB António Escobeda 0-0: Ball
1-0: Foul Ball, location: 2F
1-1: Ball
2-1: Fly out, F6 (Popup, 6, EV 65.0 MPH)
Batting: SHB Franck Kooijmans 0-0: Foul Ball, location: 2F
0-1: SINGLE (Groundball, 6MD, EV 99.4 MPH)
José García to second
Runner from 2nd tries for 3rd, OUT! 8-5
Batting: RHB Juan Perales 0-0: Ball
Franck Kooijmans is caught stealing 2nd base 2-4
Bottom of the 3rd over - 0 runs, 2 hits, 0 errors, 0 left on base; Tacoma 1 - Irving 0
TOP OF THE 4TH
Tacoma Fur Traders batting - Pitching for Irving Blue Sox : RHP Jesús Cruz
Batting: LHB Tom Washington 0-0: Called Strike
0-1: Reached on error, E6 (Groundball, 6, EV 79.4 MPH)
Batting: LHB Mike O'Neil 0-0: Called Strike
0-1: Swinging Strike
0-2: Strikes out swinging
Batting: RHB António Salas 0-0: Ball
1-0: DOUBLE (Line Drive, 5D, EV 98.8 MPH)
Tom Washington scores
Batting: RHB Eun-bum Song 0-0: Swinging Strike
0-1: Called Strike
0-2: Strikes out looking
Batting: RHB Jeff Faulkner 0-0: Called Strike
0-1: Foul Ball, location: 2F
0-2: Ball
1-2: Foul Ball, location: 2F
1-2: Foul Ball, location: 2F
1-2: Ball
2-2: Ball
3-2: SINGLE (Groundball, 56, EV 102.5 MPH) (infield hit)
António Salas to third
Batting: RHB Fernando Acevedo 0-0: Called Strike
0-1: Ball
1-1: SINGLE (Flyball, 7S, EV 95.0 MPH)
António Salas scores
Jeff Faulkner to second
Batting: LHB Sherman Hoffman 0-0: Called Strike
0-1: Foul Ball, location: 2F
0-2: Strikes out swinging
Top of the 4th over - 2 runs, 3 hits, 1 error, 2 left on base; Tacoma 3 - Irving 0
BOTTOM OF THE 4TH
Irving Blue Sox batting - Pitching for Tacoma Fur Traders : LHP Dan Craggs
Batting: RHB Juan Perales 0-0: Called Strike
0-1: Ball
1-1: Ground out 5-3 (Groundball, 56S, EV 86.9 MPH)
Batting: RHB Dave Maxwell 0-0: Called Strike
0-1: Ball
1-1: Swinging Strike
1-2: Ball
2-2: Foul Ball, location: 2F
2-2: Fly out, F7 (Line Drive, 7, EV 97.5 MPH)
Batting: LHB Wilson Hernández 0-0: Ball
1-0: Swinging Strike
1-1: Ball
2-1: Ground out 3-1 (Groundball, 34, EV 104.4 MPH)
Bottom of the 4th over - 0 runs, 0 hits, 0 errors, 0 left on base; Tacoma 3 - Irving 0
TOP OF THE 5TH
Tacoma Fur Traders batting - Pitching for Irving Blue Sox : RHP Jesús Cruz
Batting: RHB Chris Hall 0-0: Foul Ball, location: 2F
0-1: Called Strike
0-2: Fly out, F8 (Flyball, 8RXD, EV 83.8 MPH)
Batting: RHB Gilberto Ramírez 0-0: Called Strike
0-1: Swinging Strike
0-2: Strikes out looking
Batting: LHB Tom Washington 0-0: Ball
1-0: Foul Ball, location: 2F
1-1: DOUBLE (Flyball, 8LXD, EV 101.9 MPH)
Pinch Runner at 2nd Keizo Morishita:
Batting: LHB Mike O'Neil 0-0: Ground out 3-1 (Groundball, 34S, EV 71.9 MPH)
Top of the 5th over - 0 runs, 1 hit, 0 errors, 1 left on base; Tacoma 3 - Irving 0
BOTTOM OF THE 5TH
Irving Blue Sox batting - Pitching for Tacoma Fur Traders : LHP Dan Craggs
Now at 1B: Raúl Ocasio
Batting: SHB Govaart Baars 0-0: Foul Ball, location: 2F
0-1: DOUBLE (Line Drive, 78XD, EV 106.2 MPH)
Batting: LHB Ánibal Leobardo 0-0: Ball
1-0: Ground out 4-3 (Groundball, 4M, EV 83.8 MPH)
Govaart Baars to third
Batting: RHB Francis Osborne 0-0: Foul Ball, location: 2F
0-1: Swinging Strike
0-2: Fly out, F8 (Flyball, 8LM, EV 86.9 MPH)
Runner from 3rd tags up, SCORES, throw by CF
Batting: RHB José García 0-0: Swinging Strike
0-1: Swinging Strike
0-2: Foul Ball, location: 2F
0-2: Strikes out swinging
Bottom of the 5th over - 1 run, 1 hit, 0 errors, 0 left on base; Tacoma 3 - Irving 1
TOP OF THE 6TH
Tacoma Fur Traders batting - Pitching for Irving Blue Sox : RHP Jesús Cruz
Batting: RHB António Salas 0-0: Foul Ball, location: 2F
0-1: Fly out, F9 (Flyball, 9LS, EV 95.6 MPH)
Batting: RHB Eun-bum Song 0-0: Called Strike
0-1: Ball
1-1: Ball
2-1: Foul Ball, location: 2F
2-2: Foul Ball, location: 2F
2-2: SINGLE (Groundball, 4, EV 85.0 MPH) (infield hit)
Batting: RHB Jeff Faulkner 0-0: Called Strike
0-1: Called Strike
Eun-bum Song is caught stealing 2nd base 2-4
0-2: Ball
1-2: Strikes out swinging
Top of the 6th over - 0 runs, 1 hit, 0 errors, 0 left on base; Tacoma 3 - Irving 1
BOTTOM OF THE 6TH
Irving Blue Sox batting - Pitching for Tacoma Fur Traders : LHP Dan Craggs
Batting: LHB António Escobeda 0-0: Called Strike
0-1: Swinging Strike
0-2: Foul Ball, location: 2F
0-2: Strikes out swinging
Batting: SHB Franck Kooijmans 0-0: Ball
1-0: Called Strike
1-1: Ball
2-1: Ball
3-1: Base on Balls
Batting: RHB Juan Perales 0-0: Foul Ball, location: 2F
0-1: Ball
1-1: Ball
2-1: Foul Ball, location: 2F
2-2: Foul Ball, location: 2F
2-2: Ball
3-2: Base on Balls
Franck Kooijmans to second
Batting: RHB Dave Maxwell 0-0: Grounds into double play, 5-4-3 (Groundball, 56S, EV 80.6 MPH)
Bottom of the 6th over - 0 runs, 0 hits, 0 errors, 1 left on base; Tacoma 3 - Irving 1
TOP OF THE 7TH
Tacoma Fur Traders batting - Pitching for Irving Blue Sox : RHP Jesús Cruz
Batting: RHB Fernando Acevedo 0-0: Swinging Strike
0-1: Swinging Strike
0-2: Fly out, F7 (Line Drive, 7, EV 86.9 MPH)
Pitching: LHP Peter Ventola
Batting: LHB Sherman Hoffman 0-0: Fly out, F7 (Flyball, 7LSF, EV 88.8 MPH)
Batting: RHB Chris Hall 0-0: Ball
1-0: SINGLE (Groundball, 34D, EV 102.5 MPH)
Batting: RHB Gilberto Ramírez 0-0: Ball
1-0: Fly out, F4 (Line Drive, 4, EV 73.8 MPH)
Top of the 7th over - 0 runs, 1 hit, 0 errors, 1 left on base; Tacoma 3 - Irving 1
BOTTOM OF THE 7TH
Irving Blue Sox batting - Pitching for Tacoma Fur Traders : LHP Dan Craggs
Batting: LHB Wilson Hernández 0-0: Foul Ball, location: 2F
0-1: Ball
1-1: Foul Ball, location: 2F
1-2: Ball
2-2: Fly out, F8 (Line Drive, 8RM, EV 95.6 MPH)
Batting: SHB Govaart Baars 0-0: Ball
1-0: Ball
2-0: Ball
3-0: Called Strike
3-1: Base on Balls
Batting: LHB Ánibal Leobardo 0-0: Fly out, F9 (Flyball, 89S, EV 90.6 MPH)
Batting: RHB Francis Osborne 0-0: Ball
1-0: Swinging Strike
1-1: 2-RUN HOME RUN (Flyball, 78XD, EV 95.6 MPH), Distance : 447 ft
Batting: RHB José García 0-0: Called Strike
0-1: Foul Ball, location: 2F
0-2: Ball
1-2: Ball
2-2: Fly out, F3 (Popup, 3F, EV 64.4 MPH)
Bottom of the 7th over - 2 runs, 1 hit, 0 errors, 0 left on base; Tacoma 3 - Irving 3
TOP OF THE 8TH
Tacoma Fur Traders batting - Pitching for Irving Blue Sox : LHP Peter Ventola
Batting: RHB Raúl Ocasio 0-0: Ball
1-0: Foul Ball, location: 2F
1-1: Called Strike
1-2: Strikes out looking
Batting: LHB Mike O'Neil 0-0: Foul Ball, location: 2F
0-1: Ball
1-1: Foul Ball, location: 2F
1-2: Ground out 5-3 (Groundball, 5, EV 104.4 MPH)
Batting: RHB António Salas 0-0: Called Strike
0-1: Ground out U3 (Groundball, 34, EV 86.9 MPH)
Top of the 8th over - 0 runs, 0 hits, 0 errors, 0 left on base; Tacoma 3 - Irving 3
BOTTOM OF THE 8TH
Irving Blue Sox batting - Pitching for Tacoma Fur Traders : LHP Dan Craggs
Batting: LHB António Escobeda 0-0: Ball
1-0: Called Strike
1-1: Ball
2-1: Ball
3-1: Foul Ball, location: 2F
3-2: Base on Balls
Batting: SHB Franck Kooijmans 0-0: Ball
1-0: Ball
2-0: Sac Bunt to 3S - play at first, batter OUT! 3-4
António Escobeda to second
Pitching: RHP Steve Jackson
Batting: RHB Juan Perales 0-0: Ball
1-0: DOUBLE (Line Drive, 78D, EV 98.1 MPH)
António Escobeda scores
Batting: RHB Dave Maxwell 0-0: SINGLE (Groundball, 6MD, EV 98.1 MPH)
Juan Perales to third
Runner from 3rd tries for Home, SAFE, throw by CF to home
Batting: LHB Wilson Hernández 0-0: Ball
1-0: Called Strike
1-1: SINGLE (Groundball, 4MD, EV 106.9 MPH)
Dave Maxwell to second
Batting: SHB Govaart Baars 0-0: SINGLE (Line Drive, 7S, EV 105.6 MPH)
Dave Maxwell to third
Wilson Hernández to second
Batting: LHB Ánibal Leobardo 0-0: Ball
1-0: Ball
2-0: Called Strike
2-1: Called Strike
2-2: SINGLE (Groundball, 56, EV 101.2 MPH)
Dave Maxwell scores
Wilson Hernández to third
Govaart Baars to second
Runner from 3rd tries for Home, SAFE, no throw by LF
Pitching: RHP Henry Stribling
Batting: RHB Francis Osborne 0-0: Ball
1-0: Ball
2-0: Fly out, F8 (Flyball, 8RS, EV 73.8 MPH)
Batting: RHB José García 0-0: SINGLE (Line Drive, 89S, EV 103.8 MPH)
Govaart Baars to third
Ánibal Leobardo to second
Runner from 3rd tries for Home, SAFE, no throw by RF
Batting: LHB António Escobeda 0-0: Ball
1-0: Foul Ball, location: 2F
1-1: Called Strike
1-2: Ball
2-2: Ground out U3 (Groundball, 3L, EV 84.4 MPH)
Bottom of the 8th over - 5 runs, 6 hits, 0 errors, 2 left on base; Tacoma 3 - Irving 8
TOP OF THE 9TH
Tacoma Fur Traders batting - Pitching for Irving Blue Sox : LHP Peter Ventola
Batting: RHB Eun-bum Song 0-0: Called Strike
0-1: Ball
1-1: Swinging Strike
1-2: Ground out 4-3 (Groundball, 4, EV 98.8 MPH)
Batting: RHB Jeff Faulkner 0-0: Fly out, F8 (Flyball, 8LS, EV 96.9 MPH)
Batting: RHB Fernando Acevedo 0-0: Called Strike
0-1: Foul Ball, location: 2F
0-2: SINGLE (Groundball, 6MD, EV 100.6 MPH)
Batting: LHB Sherman Hoffman 0-0: Ball
Pickoff Throw to First - Out! 1-3
Top of the 9th over - 0 runs, 1 hit, 0 errors, 0 left on base; Tacoma 3 - Irving 8
Thursday, January 23rd, 2020 - OOTP Baseball 20.8 Build 74